 Dungeon Crawl Stone Soup version 0.18.1-8-gdd0e5ea (webtiles) character file.

28 juanjsm the Insei (level 3, 0/23 HPs)
             Began as an Octopode Transmuter on June 7, 2016.
             Slain by a hound (4 damage)
             ... on level 4 of the Dungeon.
             The game lasted 00:05:31 (1087 turns).

juanjsm the Insei (Octopode Transmuter)             Turns: 1087, Time: 00:05:32

Health: 0/23       AC:  1    Str:  9    XL:     3   Next: 12%
Magic:  3/6        EV: 12    Int: 16    God:
Gold:   31         SH:  0    Dex: 12    Spells: 2 memorised, 2 levels left

rFire  . . .     SeeInvis .       - Unarmed
rCold  . . .     Gourm    .     (no shield)
rNeg   . . .     Faith    .     (helmet restricted)
rPois  .         Spirit   .     (no amulet)
rElec  .         Dismiss  .     (no ring)
rCorr  .         Reflect  .     (no ring)
SustAt .         Harm     .     (no ring)
MR     .....                    (no ring)
Stlth  +++.......               (no ring)
                                (no ring)
                                (no ring)
                                (no ring)

@: very slightly contaminated, not resistant to hostile enchantments, fairly
stealthy
A: almost no armour, amphibious, 8 rings, constrict 8, camouflage 1, gelatinous
body 1
a: no special abilities


You were on level 4 of the Dungeon.
You were not hungry.

You visited 1 branch of the dungeon, and saw 4 of its levels.

You collected 31 gold pieces.

Inventory:

Missiles
 a - 12 arrows
Jewellery
 h - a cursed -3 ring of evasion {unknown}
Scrolls
 e - 2 scrolls of identify {unknown}
 g - 3 scrolls of recharging {unknown}
Potions
 f - a potion of curing {unknown}
Books
 b - a book of Changes

   Spells                             Type                      Level
   a - Beastly Appendage              Transmutation                1
   b - Sticks to Snakes               Transmutation                2
   c - Spider Form                    Transmutation/Poison         3
   d - Ice Form                       Ice/Transmutation            4
   e - Blade Hands                    Transmutation                5
Comestibles
 c - 3 bread rations
 d - 6 chunks of flesh


   Skills:
 - Level 1.0 Fighting
 * Level 2.0 Dodging
 + Level 1.3 Stealth
 + Level 4.0 Unarmed Combat
 + Level 2.0 Spellcasting
 * Level 2.0 Transmutations


You had 2 spell levels left.
You knew the following spells:

 Your Spells              Type           Power        Failure   Level  Hunger
a - Beastly Appendage     Trmt           #.....       10%         1    #......
b - Spider Form           Trmt/Pois      #.........   38%         3    ###....


Dungeon Overview and Level Annotations

Branches:
Dungeon (4/15)
 Temple: D:4-7

Altars:


Innate Abilities, Weirdness & Mutations

You cannot wear most types of armour.
You are amphibious.
You can wear up to eight rings at the same time.
You can use your tentacles to constrict eight enemies at once.
Your skin changes colour to match your surroundings (Stealth).
Your rubbery body absorbs attacks (AC +1).


Message History

You see here a shiny marble ring.
h - a shiny marble ring The orc shouts!
Your tentacle spike disappears.
The giant gecko skeleton closely misses you.
The orc wizard casts a spell at you. The puff of flame hits you!
Ouch! That really hurt!
The hound bites you.
* * * LOW HITPOINT WARNING * * *
The hound barely misses you.
Casting: Beastly Appendage
Confirm with . or Enter, or press ? or * to list all spells.
You miscast Spider Form.
You are very lightly contaminated with residual magic.
Strange energies run through your body.
The orc shouts!
The giant gecko skeleton closely misses you.
The hound bites you.
You die...

#########
########........
#......#........
#...............
#......Z@.......
##....oho...###
#....oo....#
+....<.....#
#......o...#
#..........#
#..........#
#..........#
#..........#


You could see a hound, an orc wizard, 4 orcs and a giant gecko skeleton.

Vanquished Creatures
  A dart slug (D:1)
  A giant gecko (D:1)
  A giant cockroach (D:1)
  4 goblins (D:1)
  A hobgoblin (D:1)
  3 jackals (D:1)
  A bat (D:1)
  2 giant newts
  4 kobolds (D:1)
  6 rats
24 creatures vanquished.

Notes
Turn   | Place    | Note
--------------------------------------------------------------
     0 | D:1      | juanjsm the Octopode Transmuter began the quest for the Orb.
     0 | D:1      | Reached XP level 1. HP: 13/13 MP: 3/3
    87 | D:1      | Reached XP level 2. HP: 7/18 MP: 3/5
   890 | D:1      | Reached skill level 4 in Unarmed Combat
   890 | D:1      | Reached XP level 3. HP: 20/23 MP: 4/6
   895 | D:1      | Learned a level 3 spell: Spider Form
   972 | D:1      | Reached skill level 1 in Stealth
  1087 | D:4      | Slain by a hound

Skill      XL: |  1  2  3 |
---------------+----------+-----
Unarmed Combat | 4 |  4.0
Stealth        | 1 |  1.3
Fighting       | |  1.0
Dodging        | |  2.0
Spellcasting   | |  2.0
Transmutations | |  2.0

Action                   || total
-------------------------++-------
Melee: Unarmed           ||    47
       Constrict         ||    13
       Kick              ||     9
       Tentacles         ||     5
 Cast: Beastly Appendage ||    16
 Stab: Sleeping          ||     6
  Eat: Chunk             ||     1
Armor: Skin              ||     2
Dodge: Dodged            ||    31
